 Dungeon Crawl Stone Soup version 0.18.1-8-gdd0e5ea (webtiles) character file.

1152 Karodes the Digger (level 8, -7/41 HPs)
             Began as a Gargoyle Earth Elementalist on May 26, 2016.
             Was an Initiate of Vehumet.
             Mangled by a merfolk impaler
             ... wielding a +0 trident of freezing
             ... created by the fury of Okawaru
              (17 damage)
             ... on level 5 of the Dungeon.
             The game lasted 01:36:34 (7361 turns).

Karodes the Digger (Gargoyle Earth Elementalist)    Turns: 7361, Time: 01:36:35

Health: -7/41      AC: 10    Str: 11    XL:     8   Next: 38%
Magic:  16/16      EV: 12    Int: 19    God:    Vehumet [......]
Gold:   274        SH:  0    Dex: 10    Spells: 5 memorised, 3 levels left

rFire  + . .     SeeInvis .     w - +0 rapier
rCold  . . .     Gourm    .     v - +0 leather armour {rPois}
rNeg   + + .     Faith    .     (no shield)
rPois  ∞         Spirit   .     (no helmet)
rElec  +         Dismiss  +     (no cloak)
rCorr  .         Reflect  .     (no gloves)
SustAt .         Harm     .     (no boots)
MR     .....                    o - amulet of dismissal
Stlth  ++........               x - ring of positive energy
                                f - ring of protection from fire

@: not resistant to hostile enchantments, unstealthy
A: yellow scales 1, negative energy resistance 1, electricity resistance,
unbreathing, petrification resistance, rot immunity, AC +5
a: Renounce Religion


You were on level 5 of the Dungeon.
You worshipped Vehumet.
Vehumet was noncommittal.
You were very hungry.

You visited 1 branch of the dungeon, and saw 5 of its levels.

You collected 274 gold pieces.

Inventory:

Hand Weapons
 g - a +0 whip
 m - a +0 dagger
 n - a +0 club
 w - a +0 rapier (weapon)
 y - a +0 hunting sling
 B - a +0 war axe of flaming
 D - a +0 scythe
Missiles
 b - 211 stones (quivered)
 d - 16 sling bullets
 A - 10 tomahawks
 F - 16 bolts
Armour
 v - a +0 leather armour of poison resistance (worn)
 E - a +0 robe
Jewellery
 f - a ring of protection from fire (left hand)
 o - an amulet of dismissal (around neck)
 x - a ring of positive energy (right hand)
Wands
 p - a wand of lightning (0/15)
 q - a wand of digging (13/24)
Scrolls
 i - a scroll of noise
 k - a scroll of amnesia
 l - a scroll of recharging {unknown}
 r - a scroll of identify
 t - 4 scrolls of magic mapping
 u - a scroll of enchant armour {unknown}
Potions
 e - a potion of ambrosia {unknown}
 z - a potion of invisibility {unknown}
Books
 c - a book of Geomancy

   Spells                             Type                      Level
   a - Sandblast                      Earth                        1
   b - Passwall                       Transmutation/Earth          2
   c - Stone Arrow                    Conjuration/Earth            3
   d - Petrify                        Transmutation/Earth          4
   e - Lee's Rapid Deconstruction     Earth                        5
Comestibles
 C - a bread ration


   Skills:
 + Level 3.1 Short Blades
 + Level 3.3 Dodging
 - Level 2.7 Stealth
 * Level 5.5 Spellcasting
 + Level 3.8 Conjurations
 - Level 0.7 Transmutations
 + Level 6.1 Earth Magic


You had 3 spell levels left.
You knew the following spells:

 Your Spells              Type           Power        Failure   Level  Hunger
a - Sandblast             Erth           ####..       1%          1    None
b - Passwall              Trmt/Erth      ###.......   8%          2    None
c - Stone Arrow           Conj/Erth      ###...       10%         3    ##.....
d - Lee's Rapid Deconstr  Erth           ####......   34%         5    #####..
e - Petrify               Trmt/Erth      ###.....     41%         4    ####...


Dungeon Overview and Level Annotations

Branches:
Dungeon (5/15)
 Temple: D:4-7

Altars:
Nemelex Xobeh
Okawaru
Pakellas
Qazlal
Vehumet


Innate Abilities, Weirdness & Mutations

You are resistant to torment.
Your stone body is resilient (AC +5).
You are immune to poison.
You resist negative energy.
You are resistant to electric shocks.
You can survive without breathing.
You are immune to petrification.
You are immune to rotting.
You are partially covered in yellow scales (AC +2).


Message History

The merfolk impaler freezes you.
The orc wizard looks braver for a moment.
The merfolk closely misses you.
The orc priest casts a cantrip, but nothing happens.
You see here a ring mail.
There is an open door here.
You are feeling very hungry.
The troll bites you. The troll barely misses you. x2
The merfolk impaler closely misses you.
Found a scroll labeled BOTTAEN DODWEL.
You see here a dagger.
All of the chunks of flesh in your inventory have rotted away.
As you read the scroll of noise, it crumbles to dust.
You hear a loud clanging noise!
You hear a shout! x2
The troll misses you. The troll claws you!
* * * LOW HITPOINT WARNING * * *
The troll barely misses you. The merfolk impaler closely misses you.
You feel better.
The merfolk impaler hits you from afar with a trident of freezing!
You die...

#..............# #.#
#.)............####m#####
#.......m......##...o....
#..............##..o.....
#..............##..m.....
#....)..m......##.o......
###'####m########....)...
... #T# #[....... ####
#@# #........
###.########........
#.......oo..........
#.#.....o..o....(...
####.##...o.m..........
...........##....##...#
..#.##.##.##....##...#
..# #....##....##...# ..
#..####....##...#


You could see a merfolk impaler, 2 merfolk and a troll.

Vanquished Creatures
  Grinder (D:3)
  Sigmund (D:5)
  2 water moccasins (D:5)
  A black bear (D:4)
  An ogre (D:5)
  Blork the orc (D:4)
  A hound (D:5)
  An orc priest (D:5)
  3 orc wizards (D:5)
  A worker ant (D:4)
  7 adders
  A gnoll (D:3)
  An adder zombie (D:5)
  2 worms
  A dart slug (D:3)
  2 giant geckos (D:3)
  14 orcs
  4 giant cockroaches
  8 goblins
  9 hobgoblins
  3 jackals
  5 quokkas
  2 ball pythons
  8 bats
  10 giant newts
  12 kobolds
  7 rats
109 creatures vanquished.

Notes
Turn   | Place    | Note
--------------------------------------------------------------
     0 | D:1      | Karodes the Gargoyle Earth Elementalist began the quest for the Orb.
     0 | D:1      | Reached XP level 1. HP: 10/10 MP: 3/3
   182 | D:1      | Reached XP level 2. HP: 11/15 MP: 0/5
   330 | D:1      | Reached skill level 4 in Earth Magic
   338 | D:1      | Learned a level 2 spell: Passwall
  1195 | D:2      | Reached XP level 3. HP: 19/19 MP: 4/6
  1200 | D:2      | Learned a level 3 spell: Stone Arrow
  1265 | D:2      | Found a sparkling altar of Nemelex Xobeh.
  1858 | D:2      | Gained mutation: You are partially covered in yellow scales (AC +2). [potion of beneficial mutation]
  2121 | D:2      | Found a faded altar to an unknown god.
  2139 | D:2      | Became a worshipper of Warmaster Okawaru
  2139 | D:2      | Reached * piety under Okawaru
  2350 | D:3      | Reached XP level 4. HP: 18/24 MP: 1/8
  2778 | D:3      | Noticed Grinder
  2785 | D:3      | Paralysed by Grinder for 6 turns
  2964 | D:3      | Paralysed by Grinder for 6 turns
  2981 | D:3      | Killed Grinder
  2981 | D:3      | Reached skill level 1 in Short Blades
  2981 | D:3      | Reached XP level 5. HP: 21/28 MP: 0/10
  2981 | D:3      | Reached XP level 6. HP: 24/32 MP: 0/11
  3281 | D:3      | Learned a level 5 spell: Lee's Rapid Deconstruction
  4136 | D:3      | Found a stormy altar of Qazlal.
  4596 | D:4      | Noticed Blork the orc
  4673 | D:4      | Killed Blork the orc
  4673 | D:4      | Reached skill level 5 in Earth Magic
  5183 | D:4      | Reached XP level 7. HP: 15/36 MP: 13/13
  5425 | D:4      | Reached ** piety under Okawaru
  5756 | D:5      | Entered Level 5 of the Dungeon
  5862 | D:5      | Noticed Sigmund
  5970 | D:5      | Killed Sigmund
  6034 | D:5      | Learned a level 4 spell: Petrify
  6517 | D:5      | Reached skill level 5 in Spellcasting
  6550 | D:5      | Reached XP level 8. HP: 17/41 MP: 0/15
  6991 | D:5      | Found an oddly glowing altar of Pakellas.
  7044 | D:5      | Found a radiant altar of Vehumet.
  7086 | D:5      | Fell from the grace of Okawaru
  7086 | D:5      | Became a worshipper of Vehumet
  7113 | D:5      | Reached skill level 6 in Earth Magic
  7180 | D:5      | Noticed a troll
  7304 | D:5      | Noticed a merfolk impaler
  7304 | D:5      | Noticed a merfolk
  7304 | D:5      | Noticed a merfolk
  7361 | D:5      | Mangled by a merfolk impaler

Skill      XL: |  1  2  3  4  5  6  7  8 |
---------------+-------------------------+-----
Earth Magic    | 4 5 6 |  6.1
Spellcasting   | 3 4 5 |  5.5
Short Blades   | 1 2 3 |  3.1
Dodging        | 2 3 |  3.3
Conjurations   | 2 3 |  3.8
Stealth        | |  2.7
Transmutations | |  0.7

Action                   |  1- 3 |  4- 6 |  7- 9 || total
-------------------------+-------+-------+-------++-------
Melee: Unarmed           |    10 |       |       ||    10
       Club              |    36 |       |       ||    36
       Dagger            |    71 |    73 |       ||   144
       Rapier            |       |    61 |    83 ||   144
       Punch             |       |       |     2 ||     2
Throw: Stone             |    12 |    10 |     7 ||    29
 Cast: Sandblast         |    43 |    31 |    28 ||   102
       Passwall          |     7 |     3 |     1 ||    11
       Stone Arrow       |    13 |    23 |    26 ||    62
Invok: Heroism           |       |     2 |     3 ||     5
Evoke: Wand              |       |     3 |       ||     3
  Use: Scroll            |     2 |     7 |     2 ||    11
       Potion            |     1 |     1 |     6 ||     8
 Stab: Sleeping          |     2 |     1 |       ||     3
       Distracted        |       |     1 |       ||     1
  Eat: Bread ration      |     1 |       |       ||     1
       Meat ration       |     1 |     1 |     1 ||     3
       Chunk             |       |     4 |     2 ||     6
       Beef jerky        |       |     1 |       ||     1
Armor: Robe              |    96 |    11 |       ||   107
       Leather armour    |       |    55 |    68 ||   123
Dodge: Dodged            |   163 |    98 |    88 ||   349
